 Dungeon Crawl Stone Soup version 0.19-a0-1057-g15bb84d (webtiles) character file.

95 poirepourri the Chopper (level 4, -2/44 HPs)
             Began as a Naga Berserker on Aug 2, 2016.
             Was a Believer of Trog.
             Slain by Grinder (3 damage)
             ... while paralysed
             ... on level 3 of the Dungeon.
             The game lasted 00:03:25 (3264 turns).

poirepourri the Chopper (Naga Berserker)            Turns: 3264, Time: 00:03:25

Health: -2/44      AC:  3    Str: 20    XL:     4   Next: 66%
Magic:  4/4        EV:  1    Int:  8    God:    Trog [**....]
Gold:   154        SH:  0    Dex: 10    Spells: 0 memorised, 3 levels left

rFire  . . .     SeeInvis +     a - +0 hand axe
rCold  . . .     Gourm    .     b - +0 animal skin
rNeg   . . .     Faith    .     (no shield)
rPois  +         Spirit   .     (no helmet)
rElec  .         Dismiss  .     (no cloak)
rCorr  .         Reflect  .     e - +0 pair of gloves
SustAt .         Harm     .     (no barding)
MR     .....                    (no amulet)
Stlth  +.........               (no ring)
                                (no ring)

@: paralysed, exhausted, slowed, very slow, not resistant to hostile
enchantments, very unstealthy
A: see invisible, deformed body, poison resistance, slowness 2, slow metabolism
1, spit poison 2, AC +1
a: Spit Poison, Berserk, Trog's Hand, Burn Spellbooks, Renounce Religion


You were on level 3 of the Dungeon.
You worshipped Trog.
Trog was pleased with you.
You were not hungry.

You visited 1 branch of the dungeon, and saw 3 of its levels.

You collected 154 gold pieces.

Inventory:

Hand Weapons
 a - a +0 hand axe (weapon)
Missiles
 i - 4 bolts
Armour
 b - a +0 animal skin (worn)
 e - a +0 pair of gloves (worn)
Jewellery
 m - an uncursed ring of positive energy {unknown}
 o - a cursed amulet of inaccuracy {unknown}
Wands
 c - a wand of digging (16/24)
Scrolls
 g - a scroll of remove curse
 j - a scroll of blinking
 k - a scroll of identify
 q - a scroll of noise {unknown}
Potions
 d - a potion of curing
 f - a potion of magic {unknown}
 h - a potion of heal wounds {unknown}
 l - a potion of brilliance {unknown}
Comestibles
 n - a meat ration
 p - a bread ration


   Skills:
 + Level 3.8 Fighting
 + Level 3.8 Axes
 - Level 1.5 Armour
 + Level 2.6 Dodging


You had 3 spell levels left.
You didn't know any spells.

Dungeon Overview and Level Annotations

Branches:
Dungeon (3/15)

Altars:
Ru

Annotations:
D:3 Grinder


Innate Abilities, Weirdness & Mutations

You cannot wear boots.
Your serpentine skin is tough. (AC +1)
You have supernaturally acute eyesight. (SInv)
Armour fits poorly on your strangely shaped body.
Your system is resistant to poisons. (rPois)
You cover ground very slowly.
You have a slow metabolism.
You can spit poison.


Message History

You suddenly lose the ability to move!
Grinder blinks!
Grinder gestures at you. Pain shoots through your body!
Grinder gestures at you. Pain shoots through your body!
You can move again.
You closely miss Grinder.
Grinder is heavily wounded.
You are no longer berserk.
You pass out from exhaustion.
You feel yourself slow down.
Grinder says, "What is the universe for?"
Grinder hits you!
* * * LOW HITPOINT WARNING * * *
You writhe in agony. x2
Grinder hits you!
* * * LOW HITPOINT WARNING * * *
You writhe in agony.
You die...

# #.##.### #.#.#.≈≈≈.#.#
...... #.#.#≈...≈#.# #
..#..#####.#.#≈._.≈#.#
#.###. ..##...#≈...≈#.#
#..... #.##...#.≈≈≈.#.#
......###.####.#.....#.#
#.............#...#.+#
#...5.#.######.#.#....
+....@'.# #.....#.....
#.....#.###...........
............+...........
#####.###.###......###'#
#. #.# #......# #.# #.
##.########.# #.# #
#...........# #.#
#.########### #.# #.#
#.#


You could see Grinder.

Vanquished Creatures
  Jessica (D:2)
  An adder (D:3)
  An ooze (D:2)
  3 worms (D:2)
  A dart slug (D:3)
  An orc (D:3)
  3 giant cockroaches
  8 goblins
  6 hobgoblins
  2 jackals (D:1)
  2 quokkas
  A ball python (D:2)
  3 bats
  A giant newt (D:2)
  3 kobolds
  6 rats
43 creatures vanquished.

Notes
Turn   | Place    | Note
-------+----------+-------------------------------------------
     0 | D:1      | poirepourri the Naga Berserker began the quest for the Orb.
     0 | D:1      | Reached XP level 1. HP: 21/21 MP: 1/1
   587 | D:1      | Reached XP level 2. HP: 28/28 MP: 2/2
  1345 | D:2      | Noticed Jessica
  1368 | D:1      | Reached XP level 3. HP: 13/34 MP: 3/3
  1896 | D:2      | Killed Jessica
  1896 | D:2      | Reached XP level 4. HP: 25/44 MP: 4/4
  2142 | D:2      | Reached ** piety under Trog
  2834 | D:3      | Found a sacrificial altar of Ru.
  3225 | D:3      | Noticed Grinder
  3233 | D:3      | Paralysed by Grinder for 6 turns
  3254 | D:3      | Paralysed by Grinder for 6 turns
  3264 | D:3      | HP: 1/44 [Grinder (8)]
  3264 | D:3      | Slain by Grinder

Vault maps used:
D:1:      dpeg_arrival_pits, serial_glass, glass_columns_b, glass_columns_a
D:2:      uniq_jessica
D:3:      minmay_door_path, nicolae_ru_awakened_eye, st_stairs_4, uniq_sigmund,
          uniq_grinder

Skill      XL: |  1  2  3 |
---------------+----------+-----
Dodging        | 2 |  2.6
Fighting       | |  3.8
Axes           | |  3.8
Armour         | |  1.5

Action                   |  1- 3 |  4- 6 || total
-------------------------+-------+-------++-------
Melee: Hand axe          |    67 |    81 ||   148
Invok: Berserk           |       |     1 ||     1
 Abil: Spit Poison       |     3 |     1 ||     4
  Use: Scroll            |     1 |     5 ||     6
  Eat: Bread ration      |     1 |       ||     1
       Meat ration       |       |     1 ||     1
Armor: Animal skin       |    10 |    20 ||    30
Dodge: Dodged            |    51 |    43 ||    94
